 Dungeon Crawl Stone Soup version 0.28-a0-653-g7e9dba17c3 (webtiles) character file.

Game seed: 1968743849476743475

87 siradein the Covered (level 4, -7/27 HPs)
             Began as a Deep Elf Fighter on Oct 11, 2021.
             Killed by nerve-wracking pain
             ... invoked by a shadow imp
             ... summoned by Natasha
              (10 damage)
             ... on level 3 of the Dungeon.
             The game lasted 00:04:37 (2481 turns).

siradein the Covered (Deep Elf Fighter)             Turns: 2481, Time: 00:04:38

Health: -7/27      AC:  6    Str: 13    XL:     4   Next: 28%
Magic:  6/6        EV:  8    Int: 14    God:
Gold:   34         SH:  5    Dex: 14    Spells: 3/3 levels left

rFire   . . .      SeeInvis .   a - +0 rapier
rCold   . . .      Faith    .   c - +0 buckler
rNeg    . . .      Spirit   .   b - +0 scale mail
rPois   .          Reflect  .   (no helmet)
rElec   .          Harm     .   (no cloak)
rCorr   .          Rampage  .   (no gloves)
Will    .....                   (no boots)
Stlth   ..........              (no amulet)
HPRegen 0.09/turn               (no ring)
MPRegen 0.10/turn               (no ring)

@: slowed, very slow
A: no striking features
a: no special abilities


You were on level 3 of the Dungeon.
You visited 1 branch of the dungeon, and saw 3 of its levels.

You collected 34 gold pieces.

Inventory:

Hand Weapons
 a - a +0 rapier (weapon)
Missiles
 e - 3 boomerangs (quivered)
 g - 12 poisoned darts
Armour
 b - a +0 scale mail (worn)
 c - a +0 buckler (worn)
Scrolls
 h - 2 scrolls of identify {unknown}
 j - 2 scrolls of amnesia {unknown}
 l - a scroll of enchant armour {unknown}
 m - a scroll of holy word {unknown}
Potions
 d - a potion of might
 f - 2 potions of brilliance {unknown}
 i - a potion of mutation {unknown}
 k - 2 potions of curing {unknown}
 n - a potion of degeneration {unknown}


   Skills:
 + Level 2.9 Fighting
 + Level 2.7 Short Blades
 + Level 1.1 Throwing
 + Level 2.9 Armour
 + Level 2.9 Shields


You had 3 spell levels left.
You didn't know any spells.
Your spell library was empty.

Dungeon Overview and Level Annotations

Branches:
Dungeon (3/15)

Altars:

Annotations:
D:3 Natasha


Message History

Key pressed, stopping explore.
You enter the shallow water.
Moving in this stuff is going to be slow.
Found 23 arrows.
k - 2 yellow potions (gained 1)
j - 2 scrolls labelled UNIVIH VOOMP (gained 1)
Found an escape hatch in the ceiling.
You open the door.
Natasha, Servant of Life and Death comes into view.
Natasha hisses angrily.
Natasha is nearby!
Natasha is nearby!
Natasha is nearby!
Natasha is nearby!
Natasha is nearby!
Natasha casts a spell.
There is an open door here.
Natasha stares at you and mumbles some strange words.
The magic dart hits you but does no damage.
You hit the shadow imp.
The shadow imp is heavily wounded.
The shadow imp gestures at you. Pain shoots through your body!
Natasha barely misses you.
You hit the shadow imp.
The shadow imp is almost dead.
The shadow imp gestures at you. Pain shoots through your body!
* * * LOW HITPOINT WARNING * * *
Natasha claws you.
* * * LOW HITPOINT WARNING * * *
You closely miss Natasha. The shadow imp gestures at you.
You barely resist.
Natasha stares at you and mumbles some strange words.
You feel yourself slow down.
You puncture Natasha!
Natasha is heavily wounded.
The shadow imp gestures at you. Pain shoots through your body!
You die...

##. #.. ..# ..# ..##
##...# # #h5..# ....
#@# .....##'########<#
.................#
...........#######
##########.........#
#.......##......(..###
#.......##...........#
+.......##.♣.♣.≈...#.#
#.......##♣..≈.≈.≈♣≈.#


You could see Natasha and a shadow imp (summoned).

Vanquished Creatures
  A gnoll (D:2)
  2 adders (D:2)
  A worm (D:3)
  A dart slug (D:2)
  An orc (D:3)
  6 ball pythons
  6 endoplasms
  A giant cockroach (D:1)
  3 goblins
  6 hobgoblins
  2 jackals (D:2)
  3 quokkas
  4 bats
  4 frilled lizards
  4 kobolds
  4 rats
49 creatures vanquished.

Notes
Turn   | Place    | Note
-------+----------+-------------------------------------------
     0 | D:1      | siradein the Deep Elf Fighter began the quest for the Orb.
     0 | D:1      | Reached XP level 1. HP: 13/13 MP: 3/3
     2 | D:1      | Noticed a ghoul
     2 | D:1      | Noticed a gargoyle
     4 | D:1      | Noticed a draconian
     4 | D:1      | Noticed a demigod
     6 | D:1      | Noticed a troll
     8 | D:1      | Noticed a vine stalker
     8 | D:1      | Noticed a vampire
    10 | D:1      | Noticed a formicid
    12 | D:1      | Noticed a human
    14 | D:1      | Noticed a dwarf
    14 | D:1      | Noticed a spriggan
    16 | D:1      | Noticed an elf
    18 | D:1      | Noticed an ogre
    20 | D:1      | Noticed a demonspawn
    20 | D:1      | Noticed a felid
    22 | D:1      | Noticed an octopode
    22 | D:1      | Noticed a tengu
    24 | D:1      | Noticed a naga
    24 | D:1      | Noticed a merfolk
    26 | D:1      | Noticed a minotaur
   141 | D:1      | Reached XP level 2. HP: 12/18 MP: 4/4
   666 | D:2      | Reached XP level 3. HP: 13/22 MP: 5/5
  1482 | D:2      | Reached skill level 1 in Throwing
  1482 | D:2      | Reached XP level 4. HP: 20/27 MP: 6/6
  1706 | D:2      | Found a faded altar of an unknown god.
  2475 | D:3      | Noticed Natasha
  2481 | D:3      | Killed from afar by a shadow imp

Illustrated notes

Levels and vault maps discovered:
D:1:      kb_arrival_jail, layout_rooms
D:2:      layout_basic, shapermc_ecumenical_altar_acropolis, grunt_ministairs_3,
          cheibrodos_gnoll_hut
D:3:      layout_basic, serial_rivers, chequers_serial_rivers_room_b,
          chequers_serial_rivers_micro_c, chequers_serial_rivers_marsh,
          chequers_serial_rivers_small_b, uniq_natasha

Skill      XL: |  1  2  3 |
---------------+----------+-----
Throwing       | 1 |  1.1
Fighting       | |  2.9
Short Blades   | |  2.7
Armour         | |  2.9
Shields        | |  2.9

Action                   |  1- 3 |  4- 6 || total
-------------------------+-------+-------++-------
Melee: Rapier            |   122 |    50 ||   172
Armor: Scale mail        |    66 |    23 ||    89
Dodge: Dodged            |    46 |    13 ||    59
Block: Buckler           |    34 |     7 ||    41

Table legend: (Time is in decaauts)
 A = Elapsed time spent in this place.
 B = Non-inter-level travel time spent in this place.
 C = Inter-level travel time spent in this place.
 D = Time resting spent in this place.
 E = Time spent auto-exploring this place.
 F = Levels seen in this place.
 G = Mean time per level.
                   A        B        C        D        E       F      G
               +--------+--------+--------+--------+--------+-----+--------+
         Total |   2500 |   2468 |     32 |    223 |   1869 |   3 |  833.3 |
       Dungeon |   2500 |   2468 |     32 |    223 |   1869 |   3 |  833.3 |
               +--------+--------+--------+--------+--------+-----+--------+

Top non-repeatable levels by time:
     D:2: 1317 daAuts
     D:1: 639 daAuts
     D:3: 543 daAuts
